 Dungeon Crawl Stone Soup version 0.21.1-1-g345015f (webtiles) character file.

129 wotfoxis the Caller (level 4, 0/24 HPs)
             Began as a Deep Elf Summoner on Feb 18, 2018.
             Slain by a worker ant (2 damage)
             ... on level 4 of the Dungeon.
             The game lasted 00:13:18 (2117 turns).

wotfoxis the Caller (Deep Elf Summoner)             Turns: 2117, Time: 00:13:18

Health: 0/24       AC:  4    Str:  5    XL:     4   Next: 88%
Magic:  5/13       EV: 13    Int: 21    God:
Gold:   106        SH:  0    Dex: 15    Spells: 10/13 levels left

rFire    . . .     SeeInvis .   n - +0 dagger (speed)
rCold    . . .     Gourm    .   (no shield)
rNeg     . . .     Faith    .   a - +0 robe
rPois    .         Spirit   .   (no helmet)
rElec    .         Reflect  .   (no cloak)
rCorr    .         Harm     .   o - +0 pair of gloves
MR       .....                  d - +0 pair of boots
Stlth    ++........             (no amulet)
HPRegen  0.08/turn              (no ring)
MPRegen  0.13/turn              (no ring)

@: lethally poisoned (0 -> -11)
A: no striking features
a: no special abilities


You were on level 4 of the Dungeon.
You were full.

You visited 1 branch of the dungeon, and saw 4 of its levels.

You collected 106 gold pieces.

Inventory:

Hand Weapons
 n - a +0 dagger of speed (weapon)
Armour
 a - a +0 robe (worn)
 d - a +0 pair of boots (worn)
 o - a +0 pair of gloves (worn)
Jewellery
 m - an uncursed ring of protection from cold {unknown}
Scrolls
 h - 2 scrolls of noise {unknown}
 i - a scroll of remove curse {unknown}
 k - 2 scrolls of identify {unknown}
 p - a scroll of blinking {unknown}
 q - a scroll of amnesia {unknown}
 s - 3 scrolls of teleportation {unknown}
 t - a scroll of fear {unknown}
Potions
 e - 3 potions of cancellation {unknown}
 f - 2 potions of degeneration {unknown}
 g - a potion of magic {unknown}
 j - 2 potions of curing {unknown}
 l - 2 potions of haste {unknown}
Books
 b - a book of Callings

   Spells                             Type                      Level
   a - Summon Small Mammal            Summoning                    1
   b - Call Imp                       Summoning                    2
   c - Call Canine Familiar           Summoning                    3
   d - Summon Guardian Golem          Hexes/Summoning              3
   e - Summon Lightning Spire         Summoning/Air                4
   f - Summon Ice Beast               Ice/Summoning                4
Comestibles
 c - a ration


   Skills:
 + Level 2.9 Dodging
 + Level 2.6 Stealth
 + Level 5.1 Spellcasting
 + Level 5.6 Summonings


You had 10 spell levels left.
You knew the following spells:

 Your Spells              Type           Power        Failure   Level  Hunger
a - Summon Small Mammal   Summ           ####         1%          1    None
b - Call Imp              Summ           ####....     1%          2    None


Dungeon Overview and Level Annotations

Branches:
Dungeon (4/15)
 Temple: D:4-7

Altars:
Qazlal


Message History

Confirm with . or Enter, or press ? or * to list all spells.
You feel sick.
Your crimson imp disappears in a puff of smoke!
Your bat hits the worker ant but does no damage.
The worker ant closely misses your crimson imp.
The worker ant barely misses you.
Your bat misses the worker ant.
The worker ant bites your crimson imp but does no damage.
Your crimson imp hits the worker ant but does no damage.
Casting: Summon Small Mammal
Confirm with . or Enter, or press ? or * to list all spells.
Your bat barely misses the worker ant.
The worker ant bites you.
* * * LOW HITPOINT WARNING * * *
You are more poisoned.
The worker ant poisons you!
Your bat hits the worker ant but does no damage.
Your quokka barely misses the worker ant.
The worker ant misses your crimson imp.
Your bat hits the worker ant but does no damage.
The worker ant bites you.
You die...

#.# #.# #.#
#.#
#.#########
#.........#
#.#r####..#
#.#a# ##..
#.#@#...
#.#r#.#
#.ab..##..#
#.5.......#
###########


You could see 2 worker ants, a friendly crimson imp, 2 friendly quokkas and a
friendly bat.

Vanquished Creatures
  A gnoll (D:2)
  A bat (D:3)
  A giant cockroach (D:1)
  A rat (D:3)
4 creatures vanquished.

Vanquished Creatures (collateral kills)
  A sky beast (D:3)
  An iguana (D:4)
  2 orc wizards (D:3)
  An adder (D:2)
  2 gnolls (D:2)
  A worm (D:1)
  3 leopard geckos
  An orc (D:3)
  2 bats
  A giant cockroach (D:2)
  A hobgoblin (D:2)
  7 frilled lizards
  4 goblins
  2 kobolds
  A quokka skeleton (D:2)
  A rat (D:3)
31 creatures vanquished.

Vanquished Creatures (others)
  An adder skeleton (D:3)
1 creature vanquished.

Grand Total: 36 creatures vanquished

Notes
Turn   | Place    | Note
-------+----------+-------------------------------------------
     0 | D:1      | wotfoxis the Deep Elf Summoner began the quest for the Orb.
     0 | D:1      | Reached XP level 1. HP: 10/10 MP: 6/6
   380 | D:2      | Reached XP level 2. HP: 15/15 MP: 2/8
   443 | D:2      | Found a faded altar of an unknown god.
   857 | D:2      | Learned a level 2 spell: Call Imp
   941 | D:2      | Reached XP level 3. HP: 19/19 MP: 2/10
  1477 | D:3      | Reached skill level 5 in Summonings
  1486 | D:3      | Noticed a sky beast
  1498 | D:3      | Killed a sky beast
  1498 | D:3      | Reached XP level 4. HP: 15/24 MP: 5/12
  1581 | D:3      | Found a stormy altar of Qazlal.
  1781 | D:3      | Reached skill level 5 in Spellcasting
  2117 | D:4      | Slain by a worker ant

Skill      XL: |  1  2  3  4 |
---------------+-------------+-----
Spellcasting   | 4 5 |  5.1
Summonings     | 5 |  5.6
Dodging        | |  2.9
Stealth        | |  2.6

Action                   |  1- 3 |  4- 6 || total
-------------------------+-------+-------++-------
Melee: Dagger            |    15 |    22 ||    37
 Cast: Summon Small Mamm |    65 |    21 ||    86
       Call Imp          |     5 |     6 ||    11
  Eat: Ration            |     2 |       ||     2
       Chunk             |     1 |       ||     1
Armor: Robe              |    13 |     4 ||    17
Dodge: Dodged            |    34 |    20 ||    54
